cohdb
Replays
Latest Replays
All Replays
Popular Replays
Top Player Replays
Match Explorer
How It Works
Community
CoH3 Stats
Reddit
Sign in to upload your games and track your stats! →
Sign in with Steam
Match 43771917
Unlisted
Match 43771917
Overview
Messages
Build Orders
End
Engineer Squad
Construct Barracks
Selects Advanced Infantry Battlegroup
Riflemen Squad
Riflemen Squad
M1 Mortar Team
Infantry Support Center
Riflemen Squad
Construct Medical Station
Construct Motor Pool
Selects Convert to Ranger Squad
Selects Designate Assault Position
M8 Greyhound Armored Car
M1 Anti-tank Gun Team
M1918 Browning Automatic Rifles
Grenade Package
Riflemen Squad
Convert to Ranger Squad
Advanced Logistics
Munitions Surplus
M1 Anti-tank Gun Team
Construct Tank Depot
Selects Ranger Weapon Training
Selects Ammunition Storage
Selects M2A1 105mm Howitzer Emplacement
Selects Free Fire Drills
Engineer Squad
Convert to Ranger Squad
M4A1 Sherman Medium Tank
M1 Anti-tank Gun Team
Admiral Ding Dong
PennyPacker
Liviu
TotallyUndressed
0
0
Comments
sign in to comment!
No comments posted yet!